 Dungeon Crawl Stone Soup version 0.17.0-56-gd8de76c (webtiles) character file.

3689 gorblad the Blocker (level 9, -1/62 HPs)
             Began as a White Draconian Air Elementalist on Dec 5, 2015.
             Shot with an arrow by a centaur (7 damage)
             ... on level 8 of the Dungeon.
             The game lasted 00:37:48 (8863 turns).

gorblad the Blocker (DrAE)                          Turns: 8863, Time: 00:37:48

Health: -1/62      AC: 10    Str: 10    XL:     9   Next: 90%
Magic:  2/18       EV: 13    Int: 20    God:
Gold:   187        SH:  0    Dex: 11    Spells: 5 memorised, 8 levels left

rFire  . . .     SeeInvis .     q - +0 rapier
rCold  + . .     Clarity  +     (armour unavailable)
rNeg   . . .     SustAt   .     (no shield)
rPois  +         Gourm    .     (helmet restricted)
rElec  .         Spirit   .     d - +2 cloak
rCorr  .         Warding  .     (no gloves)
rMut   .         Stasis   .     (no boots)
MR     .....                    i - amulet of clarity
Stlth  +++.......               z - ring of poison resistance
                                w - ring of stealth

@: not resistant to hostile enchantments, fairly stealthy
A: breathe frost, unfitting armour, cold resistance 1, cold-blooded, AC +7
a: Breathe Frost


You were on level 8 of the Dungeon.
You were not hungry.

You visited 1 branch of the dungeon, and saw 8 of its levels.
You also visited: Sewer.

You collected 325 gold pieces.
You spent 138 gold pieces at shops.

Inventory:

Hand Weapons
 q - a +0 rapier (weapon)
Armour
 d - a +2 cloak (worn)
 u - a +3 shield
 F - a +2 large shield
Jewellery
 i - an amulet of clarity (around neck)
 w - a ring of stealth (left hand)
 z - a ring of poison resistance (right hand)
 H - an uncursed ring of fire
Wands
 o - a wand of flame (28)
 s - a wand of teleportation (7)
 x - a wand of draining (8)
 A - a wand of lightning (5)
 C - a wand of disintegration (13)
Scrolls
 e - 3 scrolls of teleportation
 f - 5 scrolls of remove curse
 l - a scroll of enchant armour
 n - a scroll of magic mapping
 y - 2 scrolls of recharging
 B - 2 scrolls of fear
 E - a scroll of identify
 G - a scroll of summoning
Potions
 c - a potion of agility
 k - a potion of brilliance
 p - 3 potions of flight
 r - 2 potions of might
Books
 a - a book of Air

   Spells                             Type                      Level
   a - Shock                          Conjuration/Air              1
   b - Swiftness                      Charms/Air                   2
   c - Repel Missiles                 Charms/Air                   2
   d - Static Discharge               Conjuration/Air              3
   e - Lightning Bolt                 Conjuration/Air              5
 m - a book of Cantrips

   Spells                             Type                      Level
   a - Corona                         Hexes                        1
   b - Animate Skeleton               Necromancy                   1
   c - Summon Small Mammal            Summoning                    1
   d - Apportation                    Translocation                1
 v - a book of Burglary

   Spells                             Type                      Level
   a - Swiftness                      Charms/Air                   2
   b - Passwall                       Transmutation/Earth          3
   c - Passage of Golubria            Translocation                4
   d - Lee's Rapid Deconstruction     Earth                        5
   e - Darkness                       Hexes                        6
   f - Invisibility                   Hexes                        6
 D - a book of the Tempests

   Spells                             Type                      Level
   a - Static Discharge               Conjuration/Air              3
   b - Lightning Bolt                 Conjuration/Air              5
   c - Fireball                       Conjuration/Fire             5
   d - Tornado                        Air                          9
   e - Shatter                        Earth                        9
Comestibles
 b - 3 bread rations
 g - 3 meat rations
 h - 3 chunks of flesh
 j - 2 beef jerkies
 t - 3 fruits


   Skills:
 - Level 0.2 Fighting
 - Level 0.2 Short Blades
 - Level 3.3 Dodging
 - Level 2.5 Stealth
 + Level 9.4 Shields
 - Level 0.2 Unarmed Combat
 - Level 6.5 Spellcasting
 - Level 6.6 Conjurations
 - Level 7.2 Air Magic


You had 8 spell levels left.
You knew the following spells:

 Your Spells              Type           Power        Failure   Level  Hunger
a - Shock                 Conj/Air       ####         1%          1    None
b - Static Discharge      Conj/Air       ####....     1%          3    #......
c - Repel Missiles        Chrm/Air       ###...       3%          2    None
d - Swiftness             Chrm/Air       ###.....     3%          2    None
e - Lightning Bolt        Conj/Air       ####......   17%         5    #####..


Dungeon Overview and Level Annotations

Branches:
Dungeon (8/15)             Temple (0/1) D:6
   Lair: D:8-11

Altars:
Cheibriados
Fedhas
Nemelex Xobeh
Okawaru
Sif Muna
Yredelemnul

Shops:
D:4 ?   D:5 }


Innate Abilities, Weirdness & Mutations

You can breathe waves of freezing cold.
You can buffet flying creatures when you breathe cold.
Your icy white scales are hard (AC +7).
Your body does not fit into most forms of armour.
Your flesh is cold resistant.
You are cold-blooded and may be slowed by cold attacks.


Message History

Confirm with . or Enter, or press ? or * to list all spells.
The ice beast is struck by lightning.
The ice beast is severely wounded.
The lightning arcs!
You are struck by lightning.
* * * LOW HITPOINT WARNING * * *
The lightning grounds out.
The ice beast barely misses you.
A centaur comes into view.
The centaur hits you.
* * * LOW HITPOINT WARNING * * *
The centaur wields a runed shortbow.
It bursts into flame!
The centaur shoots an arrow.
The arrow hits you.
* * * LOW HITPOINT WARNING * * *
The arrow burns you.
* * * LOW HITPOINT WARNING * * *
You see here an arrow.
The centaur shoots an arrow.
The arrow hits you but does no damage.
You see here an arrow.
The centaur shoots an arrow.
The arrow closely misses you.
The centaur shoots an arrow.
The arrow hits you!
You die...

#.......# ..#
##.############ #.......#
#.# #.....# #.....(.#
#.###.....# #.......#
#..##.....#
#.......###..##...(.######
#####....)...##..(.......#
#...####..#cY........#
#...# ##)##.##......#
#...# #.##@##......# #...#
#..#.##......# #####
##.#.##......#
#..(######### ##..#
######.>##########
.................#
########.###.)....#
#####......#.# #..)<..#


You could see an ice beast and a centaur.

Vanquished Creatures
  The ghost of Denapoli the Archer, a novice CeHu of Okawaru (D:8)
  A gargoyle (D:8)
  Edmund (D:5)
  A black bear (D:8)
  2 orc warriors
  A necrophage (D:5)
  4 ogres
  A centaur (D:8)
  A crocodile (D:4)
  3 giant frogs
  The ghost of Mashchax the Magician, an amateur DEWz (D:3)
  6 big kobolds (Sewer)
  A scorpion (D:4)
  4 crimson imps
  6 orc wizards
  A giant frog skeleton (D:5)
  2 giant frog zombies
  2 jellies
  2 iguanas (D:8)
  2 orc priests
  2 hounds
  2 centaur skeletons
  4 worker ants
  12 adders
  A shadow imp (D:6)
  2 oozes (Sewer)
  An adder skeleton (D:7)
  An adder zombie (D:8)
  5 worms
  2 giant geckos
  21 orcs
  4 ball pythons
  15 bats
  6 hobgoblins
  5 jackals
  4 quokkas
  4 giant cockroaches
  A giant gecko skeleton (D:4)
  3 giant newts
  8 goblins
  17 kobolds
  A quokka skeleton (D:5)
  14 rats
178 creatures vanquished.

Vanquished Creatures (others)
  An iguana (D:4)
1 creature vanquished.

Grand Total: 179 creatures vanquished

Notes
Turn   | Place    | Note
--------------------------------------------------------------
     0 | D:1      | gorblad the Draconian Air Elementalist began the quest for the Orb.
     0 | D:1      | Reached XP level 1. HP: 14/14 MP: 3/3
   285 | D:1      | Reached XP level 2. HP: 2/20 MP: 0/5
  1015 | D:2      | Reached XP level 3. HP: 26/26 MP: 2/6
  1086 | D:2      | Found a faded altar to an unknown god.
  1561 | D:2      | Reached skill level 6 in Spellcasting
  1561 | D:2      | Reached XP level 4. HP: 19/33 MP: 1/12
  1687 | D:2      | Learned a level 3 spell: Static Discharge
  1690 | D:2      | Learned a level 2 spell: Repel Missiles
  1693 | D:2      | Learned a level 2 spell: Swiftness
  1835 | D:2      | Found a snail-covered altar of Cheibriados.
  1949 | D:3      | Reached XP level 5. HP: 32/38 MP: 4/13
  2012 | D:3      | Found a glowing drain.
  2015 | D:3      | Reached skill level 7 in Air Magic
  2030 | Sewer    | Entered a sewer
  2342 | Sewer    | Reached XP level 6. HP: 5/45 MP: 1/15
  2674 | Sewer    | Got a fine ice dragon armour
  2842 | Sewer    | Your scales start taking on an icy white colour.
  2842 | Sewer    | Gained mutation: Your flesh is cold resistant. [White Draconian growth]
  2842 | Sewer    | Reached XP level 7. HP: 42/50 MP: 7/16
  3042 | D:3      | Found a basalt altar of Yredelemnul.
  3194 | D:3      | Found an iron altar of Okawaru.
  3210 | D:3      | Noticed Mashchax's ghost (amateur DEWz)
  3218 | D:3      | Killed Mashchax's ghost
  3889 | D:3      | Reached skill level 1 in Shields
  4034 | D:4      | Found Rosox's Magic Scroll Shop.
  4045 | D:4      | Bought a scroll of enchant armour for 90 gold pieces
  4045 | D:4      | Bought a scroll of identify for 24 gold pieces
  4045 | D:4      | Bought a scroll of identify for 24 gold pieces
  4069 | D:4      | Found a basalt altar of Yredelemnul.
  4241 | D:4      | Reached XP level 8. HP: 50/57 MP: 1/17
  4686 | D:4      | Found a sparkling altar of Nemelex Xobeh.
  4852 | D:4      | Found a blossoming altar of Fedhas.
  4939 | D:5      | Entered Level 5 of the Dungeon
  5158 | D:5      | Found Veumo's Gadget Boutique.
  5474 | D:5      | Noticed Edmund
  5482 | D:5      | Killed Edmund
  5482 | D:5      | Reached skill level 5 in Shields
  5861 | D:6      | Found a deep blue altar of Sif Muna.
  6222 | D:6      | Found a staircase to the Ecumenical Temple.
  6981 | D:7      | Learned a level 5 spell: Lightning Bolt
  7046 | D:7      | Reached XP level 9. HP: 62/62 MP: 14/18
  7387 | D:8      | Noticed a gargoyle
  7766 | D:8      | HP: 3/62 [gargoyle/mace (13)]
  7769 | D:8      | Killed a gargoyle
  8001 | D:8      | Noticed Denapoli's ghost (novice CeHu)
  8031 | D:8      | HP: 3/62 [Denapoli's ghost (8)]
  8344 | D:8      | Killed Denapoli's ghost
  8344 | D:8      | Reached skill level 8 in Shields
  8401 | D:8      | Reached skill level 9 in Shields
  8863 | D:8      | Shot with an arrow by a centaur

Action                   |  1- 3 |  4- 6 |  7- 9 || total
-------------------------+-------+-------+-------++-------
Melee: Unarmed           |    59 |       |       ||    59
       Rapier            |    10 |    29 |   236 ||   275
 Cast: Shock             |    80 |    54 |   258 ||   392
       Static Discharge  |       |    10 |    24 ||    34
       Lightning Bolt    |       |       |     5 ||     5
       Swiftness         |       |       |     1 ||     1
  Use: Scroll            |     4 |     4 |    20 ||    28
       Potion            |     3 |     2 |    13 ||    18
 Stab: Sleeping          |     1 |       |       ||     1
  Eat: Chunk             |     3 |     3 |    12 ||    18
       Meat ration       |       |     1 |     1 ||     2
       Bread ration      |       |       |     1 ||     1
